Map: Ley Lines

Players

wootwoot - Winner!

  • Race: Terran Terran
  • League: Bronze
  • Spawn Location: 1:00

Eric

  • Race: Terran Terran
  • League: Bronze
  • Spawn Location: 7:00

VOD

Have the link to the VOD?

Description

Time

  • Played on: April 1, 2025, 3:19 p.m.
  • Length: 3:20
Show
View Real Time Build Order
Export as new Build Order

wootwoot Terran - Winner!

Build Orders:  

Get SALT Encoding   

  12  0:01  SCV  
  13  0:13  SCV  
  14  0:17  Supply Depot  
  14  0:25  SCV  
  15  0:29  Refinery  
  15  0:39  SCV  
  16  0:47  Barracks  
  16  1:01  Barracks  
  16  1:17  Barracks  
  16  1:25  Refinery  
  16  1:34  Reaper  
  17  1:48  Reaper  
  17  1:52  Orbital Command  
  18  2:04  Reaper  
  18  2:06  Reaper  
  20  2:20  SCV  
  21  2:23  Reaper  
  22  2:36  Reaper  
  23  2:43  Reaper  
  23  2:52  SCV  
Show
View Real Time Build Order
Export as new Build Order

Eric Terran 

Build Orders:  

Get SALT Encoding   

  12  0:01  SCV  
  13  0:14  SCV  
  14  0:23  Supply Depot  
  14  0:34  Supply Depot  
  14  0:36  SCV  
  15  0:48  SCV  
  16  0:52  Refinery  
  16  0:58  Refinery  
  16  1:00  SCV  
  17  1:12  SCV  
  18  1:24  SCV  
  19  1:28  Barracks  
  19  1:32  Barracks  
  19  1:36  SCV  
  20  1:48  Supply Depot, SCV  
  21  2:00  SCV  
  22  2:03  Supply Depot  
  22  2:07  Supply Depot  
  20  2:24  Marine x2  
  19  2:42  Marine x2  
  13  3:00  Marine x2  
Tags
 
Matchup
TvT
Race
Terran
Replay Pack
B2M-Replays
Spawn Locations
Cross Positions
Add a new tag
Caveats
  • Supply blocks, unpowered buildings, or Contaminate may cause inaccurate times.
  • Supply counts are checked every 10 seconds.